AoeStats
← u990221

Arabia

509626404Analyzed
2v2 RM · 5d ago on Sep 27, 2026· 18m 52s· 4 players
Game mode
Random Map
Map size
Medium (4 player)
Population
200
Speed
Normal
Resources
Standard
Victory
Conquest
Starting age
Dark Age
Ending age
Imperial Age
RankedLock teamsTeams togetherTeam positionsShared explorationLock speedFull tech treeHidden civsTurbo modeCheats
Victory
Defeat
🇧🇷 Tatars · Brazil
1197
+14
🇷🇺 Franks · Russia
1121
+17
🇹🇼 Varangians · Taiwan
1170
-16
🇹🇼 Saxons · Taiwan
1131
-15
dreadmasta
9:32 Feudal Age
9:43 Loom
20:22 Castle Age
19:13 Forging
Pikachu Pay
6:38 Loom
9:51 Feudal Age
11:35 Double-Bit Axe
15:30 Fletching
16:25 Padded Archer Armor
Andre114514
9:05 Feudal Age
8:23 Loom
14:39 Double-Bit Axe
u990221
6:20 Loom
9:01 Feudal Age
10:24 Double-Bit Axe
11:24 Bloodlines
21:11 Castle Age
Connection lost

Rejoining the realm…

Still unreachable

The connection could not be restored.

Session expired

The server has moved on; the page needs a fresh start.